AoeStats
← Dis

Arena

510094399Analyzed
4v4 RM · 4d ago on Sep 29, 2026· 49m 14s· 8 players
Game mode
Random Map
Map size
Large (8 player)
Population
200
Speed
Normal
Resources
Standard
Victory
Conquest
Starting age
Dark Age
Ending age
Imperial Age
RankedLock teamsTeams togetherTeam positionsShared explorationLock speedFull tech treeHidden civsTurbo modeCheats
Victory
Defeat
🇷🇺 Mongols · Russia
1343
+11
🇷🇺 Slavs · Russia
1199
+17
🇮🇳 Varangians · India
1184
+17
🇧🇷 Danes · Brazil
1159
+18
🇨🇳 Bohemians · China
1252
-17
🇮🇳 Saxons · India
1219
-16
🇺🇸 Spanish · United States
1212
-16
🇨🇳 Turks · China
1173
-14
jordham22
10:32 Feudal Age
14:08 Castle Age
12:26 Double-Bit Axe
20:08 Horse Collar
21:09 Stone Mining
22:27 Heavy Plow
22:39 Bow Saw
22:37 Gold Mining
24:10 Fletching
25:01 Stone Shaft Mining
25:35 Bodkin Arrow
29:03 Imperial Age
26:42 Loom
27:35 Wheelbarrow
30:43 Supremacy
30:53 Bracer
31:24 Elite Conquistador
33:10 Chemistry
34:35 Bombard Tower
34:52 Conscription
34:20 Sappers
42:34 Masonry
42:46 Ballistics
RiGhT
9:43 Feudal Age
13:26 Castle Age
11:43 Horse Collar
12:03 Double-Bit Axe
15:12 Bow Saw
22:01 Heavy Plow
23:40 Gold Mining
25:36 Wheelbarrow
24:49 Loom
30:34 Imperial Age
28:13 Scale Mail Armor
28:23 Forging
28:05 Fletching
28:35 Squires
28:21 Arson
28:21 Gambesons
29:10 Chain Mail Armor
29:24 Hand Cart
29:39 Scale Barding Armor
30:28 Iron Casting
30:09 Bodkin Arrow
30:05 Treadmill Crane
30:37 Fortified Wall
30:24 Murder Holes
32:00 Plate Mail Armor
32:04 Conscription
31:11 Shield Wall
31:24 Capped Ram
32:59 Siege Ram
34:26 Gold Shaft Mining
33:43 Stone Mining
34:22 Elite Varangian Guard
40:10 Chemistry
39:22 Masonry
39:33 Ballistics
40:11 Hoardings
39:33 Elite Hearth Troop
41:21 Bodkin Arrow
42:38 Bracer
qiufen40
1:54 Loom
5:14 Loom
11:12 Feudal Age
15:50 Castle Age
14:27 Horse Collar
14:39 Double-Bit Axe
19:00 Chemistry
22:36 Wheelbarrow
22:20 Fervor
31:36 Imperial Age
38:01 Hand Cart
37:31 Town Watch
43:33 Houfnice
大清第一巴图鲁
4:26 Loom
10:46 Feudal Age
12:11 Double-Bit Axe
17:06 Castle Age
16:14 Horse Collar
23:29 Imperial Age
21:25 Gold Mining
22:11 Bow Saw
22:57 Heavy Plow
29:47 Gold Shaft Mining
33:19 Wheelbarrow
34:02 Fletching
34:12 Padded Archer Armor
35:59 Bodkin Arrow
36:20 Leather Archer Armor
47:55 Bracer
49:53 Parthian Tactics
Dis
9:51 Feudal Age
11:05 Double-Bit Axe
11:32 Horse Collar
14:06 Castle Age
18:11 Loom
19:29 Bow Saw
21:16 Heavy Plow
22:39 Wheelbarrow
23:09 Stone Mining
23:57 Hand Cart
24:06 Gold Mining
28:57 Imperial Age
26:40 Bloodlines
26:52 Ballistics
26:30 Fletching
27:20 Stone Shaft Mining
27:25 Gold Shaft Mining
27:45 Bodkin Arrow
28:07 Husbandry
28:09 Town Watch
29:30 Scale Barding Armor
30:44 Chemistry
29:23 Capped Ram
29:37 Elite Mangudai
31:01 Bracer
31:29 Capped Ram
33:06 Drill
32:32 Siege Ram
34:41 Chain Barding Armor
37:51 Town Patrol
38:30 Hoardings
38:16 Conscription
39:09 Masonry
39:05 Siege Engineers
40:08 Coinage
41:34 Banking
49:06 Murder Holes
Fantom7
11:17 Feudal Age
15:13 Castle Age
13:02 Double-Bit Axe
13:57 Horse Collar
17:29 Bow Saw
18:00 Heavy Plow
23:14 Wheelbarrow
23:59 Forging
23:54 Scale Barding Armor
25:54 Gold Mining
31:45 Imperial Age
29:54 Iron Casting
29:40 Chain Barding Armor
31:12 Gold Shaft Mining
31:51 Elite Boyar
32:32 Stone Mining
32:53 Man-at-Arms
33:35 Scale Mail Armor
34:37 Druzhina
34:40 Detinets
34:50 Long Swordsman
36:32 Blast Furnace
35:48 Chain Mail Armor
36:08 Squires
35:31 Two-Handed Swordsman
37:25 Two-Man Saw
36:19 Champion
37:23 Conscription
41:31 Plate Mail Armor
42:31 Fletching
46:25 Hand Cart
Artarum
10:51 Feudal Age
12:33 Double-Bit Axe
14:50 Castle Age
13:12 Stone Mining
15:43 Wheelbarrow
17:44 Horse Collar
18:19 Bow Saw
22:43 Elite Skirmisher
23:53 Light Cavalry
24:44 Bloodlines
25:31 Ballistics
27:21 Fletching
27:32 Padded Archer Armor
27:39 Husbandry
27:47 Loom
28:17 Hand Cart
30:29 Bodkin Arrow
34:25 Imperial Age
33:15 Thumb Ring
34:26 Stone Shaft Mining
33:42 Gold Mining
35:05 Leather Archer Armor
35:36 Bracer
36:01 Town Watch
37:51 Elite Jomsviking
39:15 Gold Shaft Mining
38:31 Gambesons
38:46 Squires
38:32 Arson
39:52 Heavy Plow
40:05 Forging
40:00 Scale Barding Armor
39:57 Scale Mail Armor
39:45 Hamask
41:29 Ring Archer Armor
41:35 Iron Casting
41:55 Northmen's Fury
War Hero
9:58 Feudal Age
11:54 Double-Bit Axe
12:08 Horse Collar
14:30 Castle Age
12:32 Loom
15:35 Bow Saw
24:46 Fletching
25:43 Bodkin Arrow
28:53 Wheelbarrow
33:45 Imperial Age
31:30 Hand Cart
32:06 Ballistics
31:45 Town Watch
32:07 Scale Barding Armor
32:17 Forging
33:52 Chain Barding Armor
38:03 Fortified Wall
38:54 Chemistry
37:57 Elite Skirmisher
39:14 Hand Cart
39:12 Town Patrol
39:32 Padded Archer Armor
39:33 Bracer
40:15 Scale Mail Armor
40:51 Iron Casting
40:29 Gambesons
40:44 Squires
40:30 Arson
40:14 Elite Varangian Guard
45:15 Elite Jarl
48:45 Iron Casting
48:26 Leather Archer Armor
48:47 Plate Barding Armor
50:03 Chemistry
49:10 Siege Engineers
49:16 Masonry
50:43 Blast Furnace
Connection lost

Rejoining the realm…

Still unreachable

The connection could not be restored.

Session expired

The server has moved on; the page needs a fresh start.